 Dungeon Crawl Stone Soup version 0.29.1-13-g9f3cf754e1 (webtiles) character file.

Game seed: 2176391507115518997

12340 H0rd4k the Thaumaturge (level 11, -4/63 HPs)
             Began as an Octopode Artificer on Jan 27, 2023.
             Was an Initiate of Gozag.
             Shot with an arrow by Nessos (22 damage)
             ... on level 12 of the Dungeon.
             The game lasted 00:37:40 (15299 turns).

H0rd4k the Thaumaturge (Octopode Artificer)        Turns: 15299, Time: 00:37:41

Health: -4/63      AC:  1    Str: 21    XL:     11   Next: 91%
Magic:  13/26      EV: 13    Int: 21    God:    Gozag
Gold:   314        SH:  0    Dex: 14    Spells: 23/32 levels left

rFire   + . .      SeeInvis +     - Unarmed
rCold   x . .      Faith    .   (no shield)
rNeg    + + +      Spirit   .   (helmet restricted)
rPois   .          Reflect  .   y - amulet of regeneration
rElec   .          Harm     .   m - ring "Cofiofet" {rN+ Will- rCorr Slay+6}
rCorr   +          Rampage  .   k - ring of positive energy
Will    .....                   H - ring of protection from fire
Stlth   +++.......              L - ring of willpower
HPRegen 1.00/turn               J - ring "Sasirow" {rN+ Int+4 SInv}
MPRegen 0.20/turn               D - +6 ring of strength
                                Q - ring "Majupuur" {rC- rN+ rCorr Str+4}
                                (no ring)

@: mighty, lethally poisoned (-4 -> -5), invisible
A: almost no armour, amphibious, 8 rings, camouflage 1, gelatinous body 1,
(nimble swimmer 1), tentacles, tentacle spike 1, frail 1, MP-powered wands
a: Renounce Religion, Potion Petition, Call Merchant, Bribe Branch


You were on level 12 of the Dungeon.
You worshipped Gozag.
Gozag was aware of your devotion.
You visited 2 branches of the dungeon, and saw 13 of its levels.
You visited 1 bazaar.
You also visited: Sewer.

You collected 1502 gold pieces.
You spent 1035 gold pieces at shops.
You paid 153 gold pieces to Gozag.

Inventory:

Hand Weapons
 N - a +3 scimitar of venom
Missiles
 w - 6 atropa-tipped darts
 B - 42 poisoned darts
 K - a throwing net
Armour
 g - an orb of guile
 n - an orb of energy
Magical Staves
 q - a staff of death
 G - a staff of poison
Jewellery
 k - a ring of positive energy (right tentacle)
 m - the ring "Cofiofet" (left tentacle) {rN+ Will- rCorr Slay+6}
   (You found it on level 2 of the Dungeon)

   [ring of resist corrosion]

   Slay:      It affects your accuracy & damage with ranged weapons and melee
   (+6).
   rN:        It protects you from negative energy.
   rCorr:     It protects you from acid and corrosion.
   Will:      It decreases your willpower.
 y - an amulet of regeneration (around mantle)
 D - a +6 ring of strength (on tentacle)
 H - a ring of protection from fire (on tentacle)
 J - the ring "Sasirow" (on tentacle) {rN+ Int+4 SInv}
   (You bought it in a shop on level 6 of the Dungeon)

   [ring of see invisible]

   Int:       It affects your intelligence (+4).
   rN:        It protects you from negative energy.
   SInv:      It lets you see invisible.
 L - a ring of willpower (on tentacle)
 Q - the ring "Majupuur" (on tentacle) {rC- rN+ rCorr Str+4}
   (You bought it in a shop on level 6 of the Dungeon)

   [ring of positive energy]

   Str:       It affects your strength (+4).
   rC:        It makes you vulnerable to cold.
   rN:        It protects you from negative energy.
   rCorr:     It protects you from acid and corrosion.
Wands
 b - a wand of mindburst (1)
 d - a wand of flame (6)
 M - a wand of iceblast (9) (quivered)
Scrolls
 a - 4 scrolls of teleportation
 e - 3 scrolls of amnesia
 f - a scroll of noise
 h - 5 scrolls of immolation
 i - a scroll of fear
 o - a scroll of summoning {unknown}
 p - 3 scrolls of brand weapon
 u - a scroll of enchant armour
 v - a scroll of vulnerability {unknown}
 C - 4 scrolls of poison
 E - a scroll of butterflies {unknown}
 F - a scroll of torment {unknown}
 I - 3 scrolls of acquirement {unknown}
Potions
 c - a potion of brilliance
 j - a potion of magic
 r - 2 potions of attraction
 s - 3 potions of degeneration
 t - 3 potions of lignification
 z - a potion of ambrosia
 O - a potion of resistance
 P - a potion of curing


   Skills:
 - Level 4.6 Fighting
 + Level 0.1 Short Blades
 + Level 0.1 Long Blades
 + Level 0.1(0.5) Axes
 + Level 0.1 Maces & Flails
 + Level 1.0 Polearms
 + Level 0.1(0.5) Staves
 + Level 0.3 Ranged Weapons
 + Level 0.1 Throwing
 - Level 2.3 Dodging
 - Level 1.3 Stealth
 + Level 0.1 Shields
 - Level 7.5 Unarmed Combat
 * Level 11.3 Spellcasting
 + Level 0.1 Conjurations
 + Level 2.3 Hexes
 + Level 9.5 Summonings
 + Level 0.1 Necromancy
 * Level 2.9 Translocations
 + Level 0.2 Transmutations
 + Level 0.2 Fire Magic
 + Level 0.2 Ice Magic
 + Level 0.2 Air Magic
 + Level 1.1 Earth Magic
 + Level 0.2 Poison Magic
 + Level 1.4 Invocations
 - Level 3.2 Evocations


You had 23 spell levels left.
You knew the following spells:

 Your Spells              Type           Power      Damage    Failure   Level
a - Summon Small Mammal   Summ           100%       N/A       1%          1
b - Call Canine Familiar  Summ           51%        N/A       1%          3
c - Summon Guardian Gole  Hex/Summ       37%        N/A       1%          3
d - Blink                 Tloc           48%        N/A       2%          2

Your spell library contained the following spells:

 Spells                   Type           Power      Damage    Failure   Level
 Lesser Beckoning         Tloc           24%        N/A       4%          3
 Foxfire                  Conj/Fire      48%        2x1d6     5%          1
 Static Discharge         Conj/Air       12%        3-5/arc   9%          2
 Manifold Assault         Tloc           24%        N/A       43%         5
 Ice Form                 Ice/Tmut       12%        N/A       45%         4
 Freezing Cloud           Conj/Ice/Air   6%         6-21      82%         5
 Lightning Bolt           Conj/Air       6%         1d18      83%         5
 Orb of Destruction       Conj           6%         9d6       100%        7
 Spellforged Servitor     Conj/Summ      16%        N/A       100%        7
 Maxwell's Capacitive Co  Air            6%         ∞         100%        8


Dungeon Overview and Level Annotations

Branches:
Dungeon (12/15)            Temple (1/1) D:7            Lair (0/5) D:11
    Orc (0/2) D:10          Sewer (visited)

Altars:
Ashenzari
Cheibriados
Dithmenos
Elyvilon
Fedhas
Gozag
Hepliaklqana
Kikubaaqudgha
Makhleb
Nemelex Xobeh
Okawaru
Qazlal
Ru
Sif Muna
Trog
Uskayaw
Vehumet
Wu Jian
Xom
Yredelemnul
Zin
The Shining One

Shops:
D:1 ?((:   D:6 =   D:11 ?   D:12 !([

Annotations:
D:7 exclusion: downstairs
D:8 exclusion: upstairs
D:9 3 runed translucent doors, exclusions: 3 doors and killer bee, peterlawrence's ghost, novice MiFi
D:10 exclusion: downstairs
D:12 exclusion: two-headed ogre, Nessos


Innate Abilities, Weirdness & Mutations

You cannot wear most types of armour.
You are amphibious.
You can wear up to eight rings at the same time.
Your skin changes colour to match your surroundings (Stealth+).
Your rubbery body absorbs attacks. (AC +1, EV +1)
((You are camouflaged when in or above water. (Stealth+)))
You have tentacles for arms and can constrict up to eight enemies at once.
One of your tentacles bears a spike.
You are frail. (-10% HP)
You expend magic power (3 MP) to strengthen your wands.


Message History

Your wolf bites Nessos!
Nessos closely misses your wolf. Nessos misses your wolf.
Your wolf bites Nessos but does no damage.
You swap places.
Nessos wields a +2 longbow of flaming.
It bursts into flame!
Nessos shoots an arrow.
The arrow hits you!! The arrow burns you.
You are poisoned.
Nessos shoots an arrow.
The arrow hits you! The arrow burns you.
There is an open door, spattered with blood here.
You bludgeon Nessos!
You pierce Nessos!
Nessos is moderately wounded.
You feel very sick.
Aiming: Iceblast
Press: ? - help, Shift-Dir - straight line, f - Nessos
Aim: Nessos, wielding a +2 longbow of flaming, wearing a +2 barding and carrying a wand of iceblast (2) (moderately wounded, wandering, unable to see you, ally target, hasn't noticed you)
You feel a surge of power!
The mass of ice explodes!
The iceblast engulfs Nessos!!
Nessos is heavily wounded.
You feel very sick.
Nessos shoots an arrow.
The arrow closely misses you. The arrow hits your wolf!!
The arrow burns your wolf.
Your wolf looks as sick as possible!
You swap places.
You feel very sick.
Your guardian golem disappears in a puff of smoke!
Your quokka disappears in a puff of smoke!
Nessos shoots an arrow.
The arrow hits your wolf! The arrow burns your wolf.
Your wolf dies!
Your wolf's corpse disappears in a puff of smoke!
Nessos shoots an arrow.
The arrow barely misses you.
You feel sick.
Casting: Summon Small Mammal (safe; 1% risk of failure)
Confirm with . or Enter, or press ? or * to list all spells.
A guardian golem appears, shielding your allies.
You feel sick.
Nessos shoots an arrow.
You feel sick.
Nessos shoots an arrow.
Casting: Summon Guardian Golem (safe; 1% risk of failure)
Confirm with . or Enter, or press ? or * to list all spells.
You feel sick.
Nessos shoots an arrow.
The arrow hits you!!
You die...
Your body crumbles into a pile of gold.

###§# #.# * #...#
#h# * *########
#.# * *≈≈≈~~* #.#
* ###≈♣!♣≈# #(# *
#9'§c∩.≈# #.# *
#c#≈♣.♣≈# #h####
#.#≈≈≈~~* #.....
#@###############.
#..h..............
################..
#.. #.. #.. ###


You could see Nessos (unable to see you, ally target), a friendly guardian golem
(summoned) and a friendly wolf (summoned).

Vanquished Creatures
  Josephine (D:12)
  An ugly thing (D:11)
  A cyclops (D:11)
  An unseen horror (D:11)
  2 trolls (D:12)
  A hornet (D:8)
  A vampire (D:12)
  A water elemental (D:11)
  2 wraiths
  A wyvern (D:8)
  6 yaks (D:10)
  A basilisk (D:11)
  A vampire mosquito (D:10)
  5 water moccasins
  3 orc warriors
  3 ice beasts
  2 sky beasts
  3 black bears
  A centaur (D:6)
  An ogre (D:5)
  2 phantoms
  2 kobold brigands
  10 bullfrogs
  A gnoll sergeant (D:8)
  3 scorpions
  3 necrophages
  13 wights
  A killer bee (D:9)
  2 howler monkeys
  5 jellies
  8 hounds
  5 orc priests
  4 iguanas
  8 orc wizards
  5 gnolls
  5 river rats
  14 adders
  A white imp (D:7)
  2 ufetubi
  5 worms
  21 orcs
  6 bats
  14 endoplasms
  4 giant cockroaches (Sewer)
  11 goblins
  8 hobgoblins
  6 jackals (D:2)
  17 kobolds
  3 quokkas
  14 ball pythons
  3 frilled lizards
  12 rats
256 creatures vanquished.

Vanquished Creatures (collateral kills)
  3 wraiths
  A vampire mosquito (D:10)
  An orc warrior (D:10)
  A black bear (D:11)
  A centaur (D:7)
  A bullfrog (D:11)
  2 orc priests (D:10)
  A jelly (D:5)
  6 orc wizards (D:10)
  3 gnolls
  8 orcs
  An endoplasm (Sewer)
  A hobgoblin (D:10)
  A frilled lizard (Sewer)
31 creatures vanquished.

Vanquished Creatures (others)
  A boulder beetle (D:11)
  A two-headed ogre (D:11)
  A troll (D:10)
  A yak (D:10)
  A vampire (D:11)
  A wraith (D:12)
  2 orc warriors
  A kobold brigand (D:8)
  A gnoll sergeant (D:10)
  A killer bee (D:11)
  An orc priest (D:10)
  An orc wizard (D:10)
  An adder (Sewer)
  A kobold (D:8)
  43 fungi (D:11)
  35 plants (D:11)
93 creatures vanquished.

Grand Total: 380 creatures vanquished

Notes
Turn   | Place    | Note
-------+----------+-------------------------------------------
     0 | D:1      | H0rd4k the Octopode Artificer began the quest for the Orb.
     0 | D:1      | Reached XP level 1. HP: 13/13 MP: 1/1
   113 | D:1      | Found Siotac's Antique Weapon Shop.
   272 | D:1      | Found Oplytt's Weapon Shop.
   288 | D:1      | Found Nuapupin's Book Shop.
   491 | D:1      | Found Bext's Magic Scroll Emporium.
   521 | D:1      | Reached XP level 2. HP: 5/18 MP: 2/2
   921 | D:1      | Got Kumin's Handbook of the Flamy Glacier
  1034 | D:1      | Reached skill level 1 in Spellcasting
  1131 | D:2      | Found a faded altar of an unknown god.
  1238 | D:2      | Reached skill level 1 in Unarmed Combat
  1238 | D:2      | Reached XP level 3. HP: 17/24 MP: 4/4
  2304 | D:2      | Reached XP level 4. HP: 29/29 MP: 6/6
  2314 | D:2      | Identified the ring "Cofiofet" {rN+ Will- rCorr Slay+6}
  2869 | D:3      | Reached skill level 2 in Spellcasting
  3027 | D:3      | Reached XP level 5. HP: 25/35 MP: 8/8
  3074 | D:3      | Found a glowing drain.
  3086 | Sewer    | Entered a sewer
  3577 | Sewer    | Reached XP level 6. HP: 27/41 MP: 9/9
  3755 | Sewer    | Found a viscous altar of Jiyva.
  4370 | D:3      | Found a broken altar of Ashenzari.
  4764 | D:4      | Identified the +1 leather armour "Fiecon" {rElec rC+ Str-3}
  4933 | D:4      | Identified the +2 flail "Ucoufohe" {freeze, rPois rF+}
  5065 | D:4      | Reached skill level 5 in Unarmed Combat
  5065 | D:4      | Reached XP level 7. HP: 42/46 MP: 11/11
  5109 | D:4      | Found a snail-covered altar of Cheibriados.
  5294 | D:4      | Found a burning altar of Makhleb.
  5304 | D:4      | Reached skill level 3 in Spellcasting
  5506 | D:5      | Entered Level 5 of the Dungeon
  6019 | D:5      | Reached XP level 8. HP: 54/54 MP: 13/13
  6054 | D:5      | Identified the +3 rapier of Innocence {drain, *Rage rF+
                  | rCorr Dex+5 Stlth+}
  6792 | D:6      | Found Difozel's One-of-a-Kind Rings.
  7111 | D:6      | You fall into a shaft and drop 3 floors!
  7123 | D:9      | Learned a level 1 spell: Summon Small Mammal
  7465 | D:9      | Reached skill level 4 in Spellcasting
  7572 | D:8      | Reached skill level 1 in Summonings
  7691 | D:6      | Reached skill level 1 in Earth Magic
  7697 | D:6      | Found a sacrificial altar of Ru.
  7790 | D:6      | Found a bloodstained altar of Trog.
  7793 | D:6      | Found a shadowy altar of Dithmenos.
  7797 | D:6      | Reached XP level 9. HP: 54/59 MP: 15/15
  7867 | D:6      | Reached skill level 5 in Spellcasting
  7926 | D:6      | Reached skill level 1 in Invocations
  8498 | D:6      | Found a shimmering blue altar of Sif Muna.
  8503 | D:6      | Found a shimmering altar of Xom.
  8505 | D:6      | Found a glowing golden altar of the Shining One.
  8510 | D:6      | Found a basalt altar of Yredelemnul.
  8713 | D:7      | Reached skill level 1 in Polearms
  8730 | D:7      | Learned a level 3 spell: Call Canine Familiar
  8912 | D:8      | Reached skill level 6 in Spellcasting
  9053 | D:8      | Reached skill level 5 in Summonings
  9302 | D:7      | Found a staircase to the Ecumenical Temple.
  9312 | Temple   | Entered the Ecumenical Temple
  9355 | Temple   | Became a worshipper of Gozag Ym Sagoz the Greedy
  9402 | D:7      | Reached XP level 10. HP: 62/65 MP: 20/20
  9450 | D:7      | Reached skill level 7 in Spellcasting
  9659 | D:7      | Found a stormy altar of Qazlal.
 10098 | D:8      | Paralysed by a hornet for 3 turns
 10101 | D:8      | HP: 1/65 [hornet (17)]
 10772 | D:1      | Bought a scroll of blinking for 75 gold pieces
 11353 | D:9      | Found a runed translucent gate.
 11354 | D:9      | Found a runed translucent gate.
 11354 | D:9      | Noticed peterlawrence's ghost (novice MiFi)
 11355 | D:9      | Found a runed translucent gate.
 11355 | D:9      | Identified the +0 chain mail "Libb" {Dex+3}
 11832 | D:9      | Reached skill level 8 in Spellcasting
 11964 | D:6      | Bought the ring "Sasirow" {rN+ Int+4 SInv} for 484 gold
                  | pieces
 12153 | D:10     | Entered Level 10 of the Dungeon
 12159 | D:10     | Found a staircase to the Orcish Mines.
 12297 | D:10     | Learned a level 3 spell: Summon Guardian Golem
 12476 | D:10     | Gained mutation: You are frail. (-10% HP) [potion of
                  | mutation]
 12476 | D:10     | Gained mutation: One of your tentacles bears a spike.
                  | [potion of mutation]
 12476 | D:10     | Gained mutation: You expend magic power (3 MP) to
                  | strengthen your wands. [potion of mutation]
 12482 | D:10     | Reached skill level 9 in Spellcasting
 12491 | D:10     | Reached skill level 1 in Hexes
 12496 | D:10     | Reached XP level 11. HP: 35/63 MP: 7/24
 13353 | D:10     | Learned a level 2 spell: Blink
 13391 | D:11     | Found Eburghuw's Magic Scroll Shop.
 13464 | D:11     | Noticed a white ugly thing
 13480 | D:11     | Killed a white ugly thing
 13481 | D:11     | Reached skill level 10 in Spellcasting
 13481 | D:11     | Reached skill level 1 in Translocations
 13706 | D:11     | Noticed a cyclops
 13709 | D:11     | Noticed a boulder beetle
 13931 | D:6      | Bought the ring "Majupuur" {rC- rN+ rCorr Str+4} for 476
                  | gold pieces
 14129 | D:11     | Killed a cyclops
 14311 | D:11     | Killed a boulder beetle
 14535 | D:11     | Found a staircase to the Lair.
 14602 | D:11     | Noticed a two-headed ogre
 14615 | D:11     | Killed a two-headed ogre
 14886 | D:12     | Found Canledd's Armour Shop.
 14891 | D:12     | Found Diblycw's Weapon Emporium.
 14904 | D:12     | Noticed Josephine
 14933 | D:12     | Killed Josephine
 14934 | D:12     | Reached skill level 11 in Spellcasting
 14951 | D:12     | Found a flickering gateway to a bazaar.
 14956 | Bazaar   | Entered a bazaar
 14958 | Bazaar   | Found Vaneham's Antique Armour Boutique.
 15064 | Bazaar   | Found Kucvozio's Distillery.
 15064 | Bazaar   | Found Qemij's Book Boutique.
 15065 | Bazaar   | Found Qylatino's Antique Weapon Boutique.
 15172 | D:12     | Noticed a two-headed ogre
 15287 | D:12     | Found Zaleal Ighox's Distillery.
 15287 | D:12     | Noticed Nessos
 15299 | D:12     | Shot with an arrow by Nessos

Illustrated notes

Levels and vault maps discovered:
D:1:      ncdulo_halloftheorcs, layout_loops_ring, serial_shops,
          nicolae_shop_hallway_stairs, nicolae_shop_behind_doors,
          nicolae_shop_bloodbath_and_beyond, shop
D:2:      layout_loops_ring, shapermc_ecumenical_altar_acropolis, hex_tiny
D:3:      layout_basic, lemuel_coloured_pillars_altar, lightli_sewer_entry_pipes
D:4:      nicolae_BIG_FREAKIN_CUBE, layout_rooms,
          mainiacjoe_overflow_six_doors_small, makhleb_heckhound_becter,
          minmay_goblin_outpost
D:5:      layout_loops_ring, nicolae_elevator_lobby_asterisk
D:6:      layout_layer_cave, mainiacjoe_overflow_alcove_1,
          nicolae_overflow_hallway_of_the_gods, nicolae_shop_unique_rings,
          grunt_decor_clamped
D:7:      layout_loops_ring, nicolae_qazlal_general_emergency,
          minmay_temple_entry_arrows, solitary_fountain
D:8:      layout_rooms, serial_rivers, chequers_serial_rivers_small_b,
          chequers_serial_rivers_marsh, chequers_serial_rivers_room_a,
          chequers_serial_rivers_small_3, chequers_arboretum, abandoned_shop,
          hangedman_abyss_or_decor_stagger
D:9:      layout_stronghold, biasface_ghost_orc_armoury
D:10:     layout_big_octagon, erik_orc_4, serial_rivers,
          chequers_serial_rivers_large_b, chequers_serial_rivers_micro_b,
          chequers_serial_rivers_micro_a, chequers_serial_rivers_micro_e,
          chequers_serial_rivers_micro_c
D:11:     layout_rooms, due_lair_maze_entry_diamond, serial_shops,
          nicolae_inconvenience_store
D:12:     layout_loops_ring, serial_shops, bzr_entry_dummy,
          kennysheep_little_box, shop, nicolae_shop_waterfront, chequers_garden,
          uniq_josephine, uniq_snorg, uniq_nessos
Temple:   nicolae_temple_ecumenical_triangle

Skill      XL: |  1  2  3  4  5  6  7  8  9 10 11 |
---------------+----------------------------------+-----
Spellcasting   | 1 2 3 4 6 9 11 | 11.3
Fighting       | 2 3 4 |  4.6
Unarmed Combat | 1 2 3 5 6 7 |  7.5
Summonings     | 3 6 8 9 |  9.5
Earth Magic    | 1 |  1.1
Invocations    | 1 |  1.4
Polearms       | 1 |  1.0
Hexes          | 1 2 |  2.3
Translocations | 2 |  2.9
Short Blades   | |  0.1
Long Blades    | |  0.1
Axes           | |  0.1
Maces & Flails | |  0.1
Staves         | |  0.1
Ranged Weapons | |  0.3
Throwing       | |  0.1
Dodging        | |  2.3
Stealth        | |  1.3
Shields        | |  0.1
Conjurations   | |  0.1
Necromancy     | |  0.1
Transmutations | |  0.2
Fire Magic     | |  0.2
Ice Magic      | |  0.2
Air Magic      | |  0.2
Poison Magic   | |  0.2
Evocations     | |  3.2

Action                   |  1- 3 |  4- 6 |  7- 9 | 10-12 || total
-------------------------+-------+-------+-------+-------++-------
Melee: Unarmed           |   109 |   106 |   158 |   173 ||   546
       Constrict         |    24 |    31 |    43 |    41 ||   139
       Tentacles         |    21 |    18 |    42 |    42 ||   123
       Punch             |     1 |     2 |     4 |    11 ||    18
       Kick              |       |       |       |    31 ||    31
 Cast: Summon Small Mamm |       |       |     2 |    63 ||    65
       Call Canine Famil |       |       |     1 |    41 ||    42
       Summon Guardian G |       |       |       |    38 ||    38
Evoke: Wand              |       |    10 |    55 |    32 ||    97
  Use: Potion            |       |     1 |     1 |     8 ||    10
       Scroll            |       |       |     4 |    14 ||    18
 Stab: Sleeping          |    13 |    18 |     9 |       ||    40
       Distracted        |     1 |       |       |     2 ||     3
       Paralysed         |       |       |       |     2 ||     2
Armor: Skin              |     9 |     1 |     6 |     6 ||    22
Dodge: Dodged            |    59 |    56 |    82 |   116 ||   313
